 Dungeon Crawl Stone Soup version 0.30.1-11-g7821555f0a (webtiles) character file.

Game seed: 7623345576960304154

1072 Zhuub the Ducker (level 8, 0/67 HPs)
             Began as a Gnoll Monk on Nov 25, 2023.
             Was an Initiate of Yredelemnul.
             Succumbed to a water moccasin's poison
             ... on level 5 of the Dungeon.
             The game lasted 00:18:33 (3997 turns).

Zhuub the Ducker (Gnoll Monk)                       Turns: 3997, Time: 00:18:33

Health: 0/67       AC:  3    Str: 13    XL:     8   Next: 28%
Magic:  3/12       EV: 16    Int:  9    God:    Yredelemnul [......]
Gold:   293        SH:  0    Dex: 19    Spells: 13/13 levels left

rFire   . . .        a - +0 hand axe
rCold   . . .        d - orb {light}
rNeg    + + .        b - +0 robe
rPois   .            (no helmet)
rElec   .            (no cloak)
rCorr   .            (no gloves)
SInv    +            e - +0 pair of boots
Will    .....        x - amulet of guardian spirit
Stlth   +            t - ring "Cugawioh" {+Blink Fly rN++ Dex+4 Slay-2}
HPRegen 0.31/turn    A - ring of see invisible
MPRegen 0.13/turn

%: guardian spirit
@: brilliant, lethally poisoned (0 -> -7), on blink cooldown, flying, glowing
A: fangs 1, strong nose, distributed training
a: Renounce Religion, Evoke Blink, Recall Undead Harvest


You were on level 5 of the Dungeon.
You worshipped Yredelemnul.
Yredelemnul was noncommittal.
You visited 1 branch of the dungeon, and saw 6 of its levels.
You also visited: Sewer.

You collected 293 gold pieces.

Inventory:

Hand Weapons
 a - a +0 hand axe (weapon)
 f - a +0 sling
 o - a +2 dagger of venom
 y - a +1 dagger of speed
Missiles
 i - 32 stones
 J - 2 throwing nets
Armour
 b - a +0 robe (worn)
 d - an orb of light (worn)
 e - a +0 pair of boots (worn)
Jewellery
 t - the ring "Cugawioh" (left hand) {+Blink Fly rN++ Dex+4 Slay-2}
   (You found it on level 2 of the Dungeon)

   [ring of flight]

   Dex:       It affects your dexterity (+4).
   Slay:      It affects your accuracy & damage with ranged weapons and melee
   (-2).
   rN:        It greatly protects you from negative energy.
   Fly:       It grants you flight.
   +Blink:    It lets you blink.
 x - an amulet of guardian spirit (around neck)
 A - a ring of see invisible (right hand)
 F - a ring of poison resistance
 H - a ring of magical power
 I - a ring of ice
Wands
 z - a wand of flame (25) (quivered)
 D - a wand of roots (6)
Scrolls
 g - a scroll of amnesia {unknown}
 h - a scroll of fear {unknown}
 j - 4 scrolls of identify {unknown}
 k - a scroll of blinking {unknown}
 l - 4 scrolls of teleportation {unknown}
 m - 2 scrolls of fog {unknown}
 r - 4 scrolls of noise {unknown}
 s - a scroll of immolation {unknown}
 B - a scroll of magic mapping {unknown}
 G - a scroll of enchant armour {unknown}
Potions
 c - a potion of ambrosia
 n - a potion of might
 p - a potion of cancellation
 q - a potion of heal wounds {unknown}
 u - a potion of brilliance
 v - a potion of flight {unknown}
 w - 2 potions of curing {unknown}
 C - 2 potions of magic {unknown}
 E - a potion of invisibility {unknown}


   Skills:
 + Level 7.3 Fighting
 + Level 3.2 Short Blades
 + Level 3.2 Long Blades
 + Level 7.3 Axes
 + Level 3.2 Maces & Flails
 + Level 3.2 Polearms
 + Level 3.2 Staves
 + Level 3.2 Ranged Weapons
 + Level 3.2 Throwing
 + Level 3.2 Armour
 + Level 7.3 Dodging
 + Level 3.2 Stealth
 + Level 3.2 Shields
 + Level 3.2 Unarmed Combat
 + Level 3.2 Spellcasting
 + Level 2.6 Conjurations
 + Level 2.6 Hexes
 + Level 2.6 Summonings
 + Level 2.6 Necromancy
 + Level 2.6 Translocations
 + Level 2.6 Transmutations
 + Level 2.6 Fire Magic
 + Level 2.6 Ice Magic
 + Level 2.6 Air Magic
 + Level 2.6 Earth Magic
 + Level 2.6 Poison Magic
 + Level 3.5 Invocations
 + Level 3.2 Evocations


You had 13 spell levels left.
You didn't know any spells.
Your spell library contained the following spells:

 Spells                   Type           Power      Damage    Failure   Level
 Scorch                   Fire           18%        2d5       16%         2
 Flame Wave               Conj/Fire      9%         2d6       69%         4
 Summon Cactus Giant      Summ           4%         N/A       100%        6


Dungeon Overview and Level Annotations

Branches:
Dungeon (6/15)              Sewer (visited)
 Temple: D:4-7

Altars:
Ashenzari
Cheibriados
Fedhas
Uskayaw
Yredelemnul


Innate Abilities, Weirdness & Mutations

You have very sharp teeth.
Your uncanny sense of smell can sniff out nearby items.
Your experience applies equally to all skills.


Message History

Your bite misses the water moccasin.
The water moccasin is moderately wounded.
You feel very sick.
The orc warrior hits you from afar with a +0 trident!
The water moccasin bites you.
You feel sick.
The orc warrior hits you from afar with a +0 trident!
* * * LOW HITPOINT WARNING * * *
The water moccasin closely misses you.
You fly upwards.
You feel very sick.
There is a stone staircase leading down, spattered with blood here.
You barely miss the water moccasin.
The water moccasin is moderately wounded.
You feel sick.
The water moccasin bites you but does no damage.
The water moccasin barely misses you.
You closely miss the water moccasin. You bite the water moccasin.
The water moccasin is moderately wounded.
You feel sick. The water moccasin bites you.
* * * LOW HITPOINT WARNING * * *
You are lethally poisoned!
The water moccasin poisons you!
You blink.
* * * LOW HITPOINT WARNING * * *
You feel very sick.
It was a potion of might.
You feel very mighty all of a sudden.
* * * LOW HITPOINT WARNING * * *
You feel very sick.
It was a potion of cancellation.
Your magical effects are unravelling.
You feel magically purged.
You feel a little less mighty now.
* * * LOW HITPOINT WARNING * * *
You feel sick.
It was a potion of brilliance.
You feel clever all of a sudden.
You die...
Your body rises from the dead as a mindless zombie.

.................# #.# #.#
######.#######.#.# #.####### #.#
#.# #.#.# #.#.....###.# ######.#
#.#.###.........#.# ....##+##
#...............#.## .....#..##
##........###...)..# .....#...##
#..##....#_#......# .∩...#....##
#..##....#+#......#
.....#.....####.@.######.#####..#
.....#.....'....S............ZZZZ
....##.....####...##.######.#...#
#'###.....## #...##.# #.##.##
#........## #..>...# #.#####
#####...## ###.).## #..Z...
######'## ###.# ######. .......#
#.# #. .......# #.# #Z


You could see a water moccasin.

Vanquished Creatures
  2 water moccasins
  An ogre (D:5)
  A phantom (D:5)
  A scorpion (D:5)
  A centaur zombie (D:3)
  A hound (D:5)
  An orc wizard (D:6)
  3 gnolls
  4 adders
  A river rat (D:5)
  2 shadow imps (D:5)
  An ufetubus (D:3)
  A worm (D:2)
  2 dart slugs (D:1)
  4 orcs
  6 endoplasms
  A giant cockroach (D:2)
  2 goblins (D:2)
  9 hobgoblins
  4 kobolds
  4 quokkas
  4 ball pythons
  4 bats
  A frilled lizard (D:2)
  4 rats
65 creatures vanquished.

Vanquished Creatures (collateral kills)
  A water moccasin (D:5)
  A phantom (D:5)
  A water moccasin zombie (D:3)
  The ghost of BrewmasterC the Stinger, a weakling HuVM (D:3)
  A centaur zombie (D:3)
  A hound (D:5)
  An iguana (D:3)
  A gnoll (D:5)
  2 adders (D:3)
  A worm (D:3)
  A dart slug (D:3)
  A bat (D:2)
  A goblin (D:3)
  2 hobgoblins (D:3)
  A ball python (D:3)
  A frilled lizard (D:2)
  4 rats
22 creatures vanquished.

Vanquished Creatures (others)
  An ogre zombie (D:5)
  A dart slug zombie (D:3)
  2 hobgoblin zombies (D:3)
  An orc zombie (D:5)
  A rat zombie (D:3)
6 creatures vanquished.

Grand Total: 93 creatures vanquished

Notes
Turn   | Place    | Note
-------+----------+-------------------------------------------
     0 | D:1      | Zhuub the Gnoll Monk began the quest for the Orb.
     0 | D:1      | Reached XP level 1. HP: 23/23 MP: 1/1
    91 | D:1      | Reached XP level 2. HP: 29/29 MP: 2/2
   288 | D:1      | Reached XP level 3. HP: 15/35 MP: 3/3
   569 | D:1      | Reached skill level 1 in Invocations
   839 | D:2      | Reached skill level 1 in Short Blades
   839 | D:2      | Reached skill level 1 in Long Blades
   839 | D:2      | Reached skill level 1 in Maces & Flails
   839 | D:2      | Reached skill level 1 in Polearms
   839 | D:2      | Reached skill level 1 in Staves
   839 | D:2      | Reached skill level 1 in Ranged Weapons
   839 | D:2      | Reached skill level 1 in Throwing
   839 | D:2      | Reached skill level 1 in Armour
   839 | D:2      | Reached skill level 1 in Stealth
   839 | D:2      | Reached skill level 1 in Shields
   839 | D:2      | Reached skill level 1 in Unarmed Combat
   839 | D:2      | Reached skill level 1 in Spellcasting
   839 | D:2      | Reached skill level 1 in Evocations
   867 | D:2      | Found a basalt altar of Yredelemnul.
   880 | D:2      | Became a worshipper of Yredelemnul the Dark
   880 | D:2      | Reached * piety under Yredelemnul
   880 | D:2      | Reached ** piety under Yredelemnul
   997 | D:2      | Reached XP level 4. HP: 41/41 MP: 5/5
  1076 | D:2      | Reached *** piety under Yredelemnul
  1108 | D:2      | Identified the ring "Cugawioh" {+Blink Fly rN++ Dex+4
                  | Slay-2}
  1382 | D:3      | Reached skill level 1 in Conjurations
  1382 | D:3      | Reached skill level 1 in Hexes
  1382 | D:3      | Reached skill level 1 in Summonings
  1382 | D:3      | Reached skill level 1 in Necromancy
  1382 | D:3      | Reached skill level 1 in Translocations
  1382 | D:3      | Reached skill level 1 in Transmutations
  1382 | D:3      | Reached skill level 1 in Fire Magic
  1382 | D:3      | Reached skill level 1 in Ice Magic
  1382 | D:3      | Reached skill level 1 in Air Magic
  1382 | D:3      | Reached skill level 1 in Earth Magic
  1382 | D:3      | Reached skill level 1 in Poison Magic
  1430 | D:3      | Found a snail-covered altar of Cheibriados.
  1431 | D:3      | Found a blossoming altar of Fedhas.
  1448 | D:3      | Found a runed translucent gate.
  1448 | D:3      | Found a runed translucent gate.
  1449 | D:3      | Found a runed translucent gate.
  1633 | D:3      | Found a hide-covered altar of Uskayaw.
  1732 | D:3      | Reached XP level 5. HP: 47/47 MP: 5/7
  2044 | D:3      | Noticed BrewmasterC's ghost (weakling HuVM)
  2056 | D:3      | Killed BrewmasterC's ghost
  2063 | D:3      | Reached XP level 6. HP: 47/53 MP: 1/9
  2168 | D:4      | Noticed a black bear
  2185 | D:4      | Noticed a black bear
  2211 | D:5      | Entered Level 5 of the Dungeon
  2269 | D:5      | Noticed a water moccasin
  2274 | D:5      | Killed a water moccasin
  2360 | D:5      | Reached XP level 7. HP: 46/60 MP: 7/10
  2452 | D:5      | Found a broken altar of Ashenzari.
  2523 | D:5      | Found a glowing drain.
  2534 | Sewer    | Entered a sewer
  2891 | D:5      | Reached XP level 8. HP: 52/67 MP: 8/12
  3995 | D:5      | HP: 3/67 [poisoned by a water moccasin]
  3997 | D:5      | Succumbed to a water moccasin's poison

Illustrated notes

Levels and vault maps discovered:
D:1:      dpeg_arrival_concentric_ovals, layout_basic
D:2:      layout_basic, basic_altar, serial_rivers,
          chequers_serial_rivers_room_b, chequers_serial_rivers_micro_c,
          chequers_serial_rivers_marsh, chequers_serial_rivers_large_a,
          chequers_serial_rivers_micro_d, minmay_diced_spiral
D:3:      layout_rooms, old_standard_altar, gammafunk_temple_overflow_pools,
          gammafunk_ghost_necromancy, corner_web_ring,
          kennysheep_decorative_pillar, nicolae_figureground_pulse
D:4:      layout_rooms, grunt_ministairs_10, chequers_garden
D:5:      layout_loops_corners, ashenzari_conservatory_becter,
          gup_sewer_entry_bowl, kennysheep_flooded_box
D:6:      layout_cave_pods, minmay_temple_entry_grid,
          amcnicky_mini_rare_corridor_liquid

Skill      XL: |  1  2  3  4  5  6  7 |
---------------+----------------------+-----
Invocations    | 1 2 3 |  3.5
Short Blades   | 1 2 3 |  3.2
Long Blades    | 1 2 3 |  3.2
Maces & Flails | 1 2 3 |  3.2
Polearms       | 1 2 3 |  3.2
Staves         | 1 2 3 |  3.2
Ranged Weapons | 1 2 3 |  3.2
Throwing       | 1 2 3 |  3.2
Armour         | 1 2 3 |  3.2
Stealth        | 1 2 3 |  3.2
Shields        | 1 2 3 |  3.2
Unarmed Combat | 1 2 3 |  3.2
Spellcasting   | 1 2 3 |  3.2
Evocations     | 1 2 3 |  3.2
Conjurations   | 1 2 |  2.6
Hexes          | 1 2 |  2.6
Summonings     | 1 2 |  2.6
Necromancy     | 1 2 |  2.6
Translocations | 1 2 |  2.6
Transmutations | 1 2 |  2.6
Fire Magic     | 1 2 |  2.6
Ice Magic      | 1 2 |  2.6
Air Magic      | 1 2 |  2.6
Earth Magic    | 1 2 |  2.6
Poison Magic   | 1 2 |  2.6
Fighting       | 7 |  7.3
Axes           | 7 |  7.3
Dodging        | 7 |  7.3

Action                     |  1- 3 |  4- 6 |  7- 9 || total
---------------------------+-------+-------+-------++-------
  Melee: Hand axe          |    85 |    87 |    95 ||   267
         Bite              |    10 |    15 |    17 ||    42
         Dagger            |       |       |    29 ||    29
 Invoke: Recall Undead Har |       |     2 |       ||     2
         Dark Bargain      |       |     1 |       ||     1
Ability: Evoke Blink       |       |     1 |     1 ||     2
  Evoke: Wand              |       |     2 |     1 ||     3
    Use: Potion            |       |       |     3 ||     3
   Stab: Sleeping          |     1 |       |       ||     1
         Distracted        |       |       |     1 ||     1
 Armour: Robe              |    18 |    23 |    22 ||    63
  Dodge: Dodged            |    49 |   102 |   118 ||   269
